 Dungeon Crawl Stone Soup version 0.19.3 (webtiles) character file.

105 theAP the Cudgeler (level 4, -4/29 HPs)
             Began as a Gargoyle Fighter on Jan 23, 2017.
             Killed from afar by an orc wizard (9 damage)
             ... with a magic dart
             ... on level 3 of the Dungeon.
             The game lasted 00:02:44 (1310 turns).

theAP the Cudgeler (Gargoyle Fighter)               Turns: 1310, Time: 00:02:44

Health: -4/29      AC: 10    Str: 21    XL:     4   Next: 81%
Magic:  4/4        EV:  7    Int:  8    God:
Gold:   137        SH:  9    Dex:  9    Spells: 0 memorised, 3 levels left

rFire  . . .     SeeInvis .     a - +0 flail
rCold  . . .     Gourm    .     b - +0 scale mail
rNeg   + . .     Faith    .     c - +0 shield
rPois  ∞         Spirit   .     (no helmet)
rElec  +         Reflect  .     (no cloak)
rCorr  .         Harm     .     (no gloves)
MR     .....                    (no boots)
Stlth  ..........               (no amulet)
                                (no ring)
                                (no ring)

@: no status effects
A: negative energy resistance 1, electricity resistance, unbreathing,
petrification resistance, rot immunity, AC +3
a: no special abilities


You were on level 3 of the Dungeon.
You were very hungry.

You visited 1 branch of the dungeon, and saw 3 of its levels.

You collected 137 gold pieces.

Inventory:

Hand Weapons
 a - a +0 flail (weapon)
Armour
 b - a +0 scale mail (worn)
 c - a +0 shield (worn)
Scrolls
 e - a scroll of recharging {unknown}
 g - a scroll of enchant armour {unknown}
Potions
 d - a potion of might
 h - 2 potions of flight
 i - a potion of lignification {unknown}
 j - 2 potions of haste
 k - a potion of curing {unknown}
 l - 2 potions of heal wounds {unknown}
Comestibles
 f - 3 bread rations
 m - 2 fruits
 n - a meat ration
 o - a slice of pizza


   Skills:
 + Level 3.8 Fighting
 * Level 4.2 Maces & Flails
 - Level 3.2 Armour
 + Level 0.8 Dodging
 - Level 3.2 Shields


You had 3 spell levels left.
You didn't know any spells.

Dungeon Overview and Level Annotations

Branches:
Dungeon (3/15)

Altars:


Innate Abilities, Weirdness & Mutations

You are resistant to torment.
Your stone body is resilient. (AC +3)
You are immune to poison.
You resist negative energy. (rN+)
You are resistant to electric shocks. (rElec)
You can survive without breathing.
You are immune to petrification.
You are immune to rotting.


Message History

You miss something. Something hits you.
You barely miss something.
Something hits you but does no damage. x2
You hit something.
You are feeling very hungry.
Something hits you but does no damage.
You miss something. Something hits you but does no damage.
Your shield and scale mail prevent you from hitting something.
You block something's attack.
You hear some strange, mumbled words.
A magic dart appears from out of thin air!
The magic dart hits you!
* * * LOW HITPOINT WARNING * * *
You barely miss something. Something hits you but does no damage.
You miss something. You block something's attack.
You closely miss something. Something hits you but does no damage.
You closely miss something.
You hear some strange, mumbled words.
A magic dart appears from out of thin air!
The magic dart hits you!
You die...

#.# .# #.# .# #.# .#
# #.# .# .. # ##.##.#
.## #.##...#.##...#
##.#....†.....#
#...........#
#..#..@{.##.# ..
##.))###.# .#
##.####.####.#
#.##........#
#..#........#
##.#........###.
..####.#..).........
#..........).<.......
#.#####.#...)...#####


There were no monsters in sight!

Vanquished Creatures
  An orc wizard (D:3)
  An adder (D:2)
  2 worms
  A dart slug (D:1)
  2 leopard geckos (D:2)
  3 orcs (D:3)
  A ball python (D:1)
  2 giant cockroaches
  5 goblins
  3 hobgoblins
  6 jackals (D:2)
  8 kobolds
  A quokka (D:2)
  10 bats
  2 frilled lizards
  3 rats
51 creatures vanquished.

Notes
Turn   | Place    | Note
-------+----------+-------------------------------------------
     0 | D:1      | theAP the Gargoyle Fighter began the quest for the Orb.
     0 | D:1      | Reached XP level 1. HP: 14/14 MP: 1/1
    96 | D:1      | Reached XP level 2. HP: 13/19 MP: 2/2
   618 | D:2      | Reached XP level 3. HP: 24/24 MP: 3/3
   623 | D:2      | Reached skill level 3 in Maces & Flails
  1156 | D:2      | Reached XP level 4. HP: 27/29 MP: 4/4
  1253 | D:3      | Reached skill level 4 in Maces & Flails
  1310 | D:3      | Killed from afar by an orc wizard

Skill      XL: |  1  2  3  4 |
---------------+-------------+-----
Maces & Flails | 3 4 |  4.2
Fighting       | |  3.8
Armour         | |  3.2
Dodging        | |  0.8
Shields        | |  3.2

Action                   |  1- 3 |  4- 6 || total
-------------------------+-------+-------++-------
Melee: Flail             |   195 |    66 ||   261
  Use: Scroll            |     4 |       ||     4
  Eat: Chunk             |     1 |       ||     1
Armor: Scale mail        |   148 |    43 ||   191
Dodge: Dodged            |    68 |     8 ||    76
Block: Shield            |   130 |    19 ||   149
